 Dungeon Crawl Stone Soup version 0.21.0 (webtiles) character file.

60 Jebus the Ruffian (level 4, -8/38 HPs)
             Began as a Ghoul Monk on Jan 6, 2018.
             Mangled by a gnoll
             ... wielding a +0 spear
              (10 damage)
             ... on level 2 of the Dungeon.
             The game lasted 00:02:30 (1176 turns).

Jebus the Ruffian (Ghoul Monk)                      Turns: 1176, Time: 00:02:31

Health: -8/38      AC:  3    Str: 14    XL:     4   Next: 4%
Magic:  3/3        EV: 13    Int:  5    God:
Gold:   92         SH:  0    Dex: 12    Spells: 3/3 levels left

rFire    . . .     SeeInvis .     - Unarmed
rCold    + . .     Gourm    .   (no shield)
rNeg     + + +     Faith    .   a - +0 robe
rPois    ∞         Spirit   .   (no helmet)
rElec    .         Reflect  .   (no cloak)
rCorr    .         Harm     .   (no gloves)
MR       .....                  c - +0 pair of boots
Stlth    ++........             (no amulet)
HPRegen  0.00/turn              (no ring)
MPRegen  0.08/turn              (no ring)

@: rotting
A: rotting body, claws 1, carnivore, cold resistance 1, negative energy
resistance 3, inhibited regeneration, torment resistance, unbreathing
a: no special abilities


You were on level 2 of the Dungeon.
You were not hungry.

You visited 1 branch of the dungeon, and saw 2 of its levels.

You collected 92 gold pieces.

Inventory:

Armour
 a - a +0 robe (worn)
 c - a +0 pair of boots (worn)
Jewellery
 f - an uncursed ring of resist corrosion {unknown}
Scrolls
 d - a scroll of amnesia {unknown}
 h - a scroll of identify {unknown}
 j - 2 scrolls of magic mapping {unknown}
 l - a scroll of enchant armour {unknown}
Potions
 e - a potion of heal wounds {unknown}
 g - a potion of degeneration {unknown}
 i - 2 potions of brilliance {unknown}
 k - a potion of haste {unknown}
Comestibles
 b - 4 rations


   Skills:
 - Level 3.2 Fighting
 - Level 2.6 Dodging
 - Level 2.1 Stealth
 + Level 5.3 Unarmed Combat


You had 3 spell levels left.
You didn't know any spells.

Dungeon Overview and Level Annotations

Branches:
Dungeon (2/15)

Altars:
Sif Muna

Annotations:
D:2 1 runed door


Innate Abilities, Weirdness & Mutations

Your body is rotting away.
You thrive on raw meat.
You are immune to poison.
You have sharp fingernails.
You are carnivorous and can eat meat at any time.
Your flesh is cold resistant. (rC+)
You are immune to negative energy. (rN+++)
You do not regenerate when monsters are visible.
You are immune to unholy pain and torment.
You can survive without breathing.


Message History

The gnoll hits you from afar with a halberd!
* * * LOW HITPOINT WARNING * * *
The adder completely misses you.
You miss the adder.
The adder is heavily wounded.
The adder bites you but does no damage. The gnoll closely misses you.
Unknown command.
You scratch the adder but do no damage.
The adder is heavily wounded.
The adder barely misses you. The gnoll barely misses you.
You claw the adder!
You kill the adder!
You have reached level 4!
The gnoll misses you. The gnoll barely misses you.
You scratch the gnoll but do no damage. The gnoll hits you but does no damage.
The gnoll closely misses you.
You scratch the gnoll.
The gnoll is heavily wounded.
The gnoll hits you from afar with a spear!
You die...

..#.#####.###.# ###########
..#.......###.# #....##...#
#'#######..##.# #.##.##.#.#
.......###....####.##.##.#.#
.......# #..#...##.##....#.#
.......###..#...##.#######.#
.......'>.......>..# #.#
.......#####.###.### #.#
######## #..##@# ##### #.###
##.##g# #...# #...#
#.##g###.#.#####.#
#..#.#...#...#(..#
##.#.##.##.###.###
#......##.......#
##..#####.......# #..#
##.##...# #..# #.#....#


You could see 2 gnolls.

Vanquished Creatures
  A gnoll (D:2)
  An adder (D:2)
  An ooze (D:2)
  2 dart slugs (D:1)
  A leopard gecko (D:1)
  6 bats
  A giant cockroach (D:1)
  3 jackals (D:1)
  2 quokkas (D:2)
  4 frilled lizards (D:1)
  5 goblins (D:1)
  6 rats
33 creatures vanquished.

Notes
Turn   | Place    | Note
-------+----------+-------------------------------------------
     0 | D:1      | Jebus the Ghoul Monk began the quest for the Orb.
     0 | D:1      | Reached XP level 1. HP: 19/19 MP: 0/0
   166 | D:1      | Reached XP level 2. HP: 26/26 MP: 1/1
   195 | D:1      | Reached skill level 4 in Unarmed Combat
   595 | D:1      | Reached XP level 3. HP: 30/30 MP: 2/2
   720 | D:2      | Upgraded the game from 0.21-b1-23-g1fb0a74 to 0.21.0
   783 | D:2      | Found a deep blue altar of Sif Muna.
   825 | D:2      | Found a runed door.
  1158 | D:2      | Reached skill level 5 in Unarmed Combat
  1168 | D:2      | HP: 1/31 [gnoll/halberd (8)]
  1171 | D:2      | Reached XP level 4. HP: 2/38 MP: 3/3
  1176 | D:2      | Mangled by a gnoll

Skill      XL: |  1  2  3 |
---------------+----------+-----
Unarmed Combat | 4 5 |  5.3
Fighting       | |  3.2
Dodging        | |  2.6
Stealth        | |  2.1

Action                   |  1- 3 |  4- 6 || total
-------------------------+-------+-------++-------
Melee: Unarmed           |   112 |     2 ||   114
 Stab: Sleeping          |     3 |       ||     3
  Eat: Chunk             |    12 |       ||    12
Armor: Robe              |    40 |     1 ||    41
Dodge: Dodged            |    82 |     3 ||    85
